 Dungeon Crawl Stone Soup version 0.31.0-9-g3a7656b989 (webtiles) character file.

Game seed: 8959284580889837612

99 qw the Shooter (level 4, -1/25 HPs)
             Began as a Deep Elf Hunter on Feb 2, 2024.
             Slain by a gnoll
             ... wielding a +0 flail
              (7 damage)
             ... on level 3 of the Dungeon.
             The game lasted 00:00:05 (1819 turns).

qw the Shooter (Deep Elf Hunter)                    Turns: 1819, Time: 00:00:06

Health: -1/25      AC:  3    Str: 10    XL:     4   Next: 45%
Magic:  6/6        EV: 12    Int: 14    God:
Gold:   199        SH:  0    Dex: 18    Spells: 3/3 levels left

rFire   . . .        a - +0 shortbow
rCold   . . .        (shield currently unavailable)
rNeg    . . .        c - +0 leather armour
rPois   .            (no helmet)
rElec   .            (no cloak)
rCorr   .            (no gloves)
SInv    .            (no boots)
Will    .....        (no amulet)
Stlth   ++           (no ring)
HPRegen 0.24/turn    (no ring)
MPRegen 0.10/turn

%: no passive effects
@: no status effects
A: no striking features
a: no special abilities


You were on level 3 of the Dungeon.
You visited 1 branch of the dungeon, and saw 3 of its levels.

You collected 199 gold pieces.


   Skills:
 - Level 1.5 Fighting
 + Level 7.9 Ranged Weapons
 - Level 2.4 Dodging
 - Level 1.2 Stealth


You had 3 spell levels left.
You didn't know any spells.
Your spell library was empty.

Inventory:

Hand Weapons
 a - a +0 shortbow (weapon)
Armour
 c - a +0 leather armour (worn)
 m - a +0 pair of boots
Jewellery
 h - a +6 ring of dexterity
 l - an amulet of guardian spirit
Scrolls
 i - a scroll of immolation {unknown}
 n - a scroll of teleportation {unknown}
Potions
 b - a potion of haste
 d - a potion of curing {unknown}
 e - a potion of magic {unknown}
 f - a potion of degeneration {unknown}
 g - a potion of attraction {unknown}
 j - a potion of berserk rage {unknown}
 k - a potion of enlightenment {unknown}

Dungeon Overview and Level Annotations

Branches:
Dungeon (3/15)

Altars:
Dithmenos


Message History

You kill the gnoll!
A gnoll comes into view. It is wielding a +0 club.
A gnoll comes into view. It is wielding a +0 flail.
You shoot an arrow. The arrow closely misses the gnoll.
You shoot an arrow.
The arrow hits the gnoll but does no damage.
You shoot an arrow. The arrow hits the gnoll.
The gnoll is lightly wounded.
You shoot an arrow. The arrow hits the gnoll.
The gnoll is severely wounded.
The gnoll closely misses you.
You shoot an arrow. The arrow barely misses the gnoll.
The arrow hits the gnoll.
The gnoll is heavily wounded.
The gnoll hits you with a +0 club.
You shoot an arrow. The arrow closely misses the gnoll.
The arrow hits the gnoll.
The gnoll is severely wounded.
The gnoll hits you with a +0 club.
You shoot an arrow. The arrow barely misses the gnoll.
The arrow hits the gnoll.
The gnoll is almost dead.
The gnoll hits you with a +0 club.
You shoot an arrow. The arrow closely misses the gnoll.
The arrow hits the gnoll but does no damage.
The gnoll is almost dead.
You shoot an arrow. The arrow hits the gnoll.
You kill the gnoll!
The gnoll closely misses you.
You shoot an arrow.
The arrow hits the gnoll but does no damage.
The gnoll is severely wounded.
The gnoll barely misses you. The gnoll hits you with a +0 flail.
You shoot an arrow. The arrow hits the gnoll.
You kill the gnoll!
The gnoll barely misses you.
You shoot an arrow.
The arrow hits the gnoll but does no damage.
The gnoll closely misses you.
You shoot an arrow. The arrow barely misses the gnoll.
The gnoll hits you with a +0 flail!
You die...

###.###.# #..
........# #.# #.#
#.. .....(.###.#
#.# ### .)....'
#.# #.# .....# #.#
#.# .... #.# #.#
## ..####.###.#
#..####g##.......#
#.....)@.....#####
#.......####...#
#...###.####.#.#
#.. ##...##.#.# #
..##....##.#.#
#......_.......#
##.##....##..#.#
#...###....# ###.#
#.(#.#


You could see a gnoll.

Vanquished Creatures
  3 adders (D:2)
  3 gnolls (D:3)
  2 dart slugs
  5 endoplasms
  2 goblins (D:1)
  3 hobgoblins
  2 kobolds (D:1)
  2 quokkas
  5 ball pythons
  7 bats
  6 frilled lizards
  2 rats (D:1)
42 creatures vanquished.

Notes
Turn   | Place    | Note
-------+----------+-------------------------------------------
     0 | D:1      | qw the Deep Elf Hunter began the quest for the Orb.
     0 | D:1      | Reached XP level 1. HP: 12/12 MP: 3/3
     0 | D:1      | 0 ||| qw: Version: 0.3-a-155-g5e7d8dd
     0 | D:1      | 0 ||| qw: Game counter: 1775
     0 | D:1      | 0 ||| qw: Melee chars always use a shield: true
     0 | D:1      | 0 ||| qw: God list: Okawaru
     0 | D:1      | 0 ||| qw: Allow faded altars: false
     0 | D:1      | 0 ||| qw: Do Orc after clearing Dungeon:15 true
     0 | D:1      | 0 ||| qw: Do second Lair branch before Depths: true
     0 | D:1      | 0 ||| qw: Lair rune preference: random
     0 | D:1      | 0 ||| qw: Goals: Normal
     0 | D:1      | 0 ||| PLANNING D:1-11
    89 | D:1      | HP: 1/12 [endoplasm (3)]
   212 | D:1      | Reached XP level 2. HP: 16/16 MP: 4/4
   252 | D:1      | Reached skill level 6 in Ranged Weapons
   730 | D:1      | 730 ||| READING scroll labelled VARRYA IRGHYQUI.
   731 | D:1      | 731 ||| READING scroll labelled YLUSOR SUETEKY.
   832 | D:1      | 832 ||| DROPPING scroll of butterflies.
   876 | D:2      | Reached XP level 3. HP: 20/20 MP: 5/5
   885 | D:2      | HP: 5/20 [poisoned by an adder]
   891 | D:2      | HP: 3/20 [adder (2)]
   932 | D:2      | 932 ||| FLEEEEING.
   933 | D:2      | 933 ||| FLEEEEING.
   940 | D:2      | 940 ||| FLEEEEING.
   946 | D:2      | 946 ||| FLEEEEING.
   997 | D:2      | Reached skill level 7 in Ranged Weapons
  1560 | D:2      | 1560 ||| READING scroll labelled JEANUH HEDENUCH.
  1560 | D:2      | 1560 ||| IDENTIFYING red potion
  1561 | D:2      | 1561 ||| READING 2 scrolls labelled DALIPLA OVISYS.
  1562 | D:2      | 1562 ||| DROPPING scroll of blinking.
  1697 | D:3      | 1697 ||| FLEEEEING.
  1698 | D:3      | 1698 ||| FLEEEEING.
  1701 | D:3      | Reached XP level 4. HP: 24/25 MP: 6/6
  1793 | D:3      | Found a shadowy altar of Dithmenos.
  1816 | D:3      | HP: 5/25 [gnoll/+0 flail (4)]
  1819 | D:3      | Slain by a gnoll

Levels and vault maps discovered:
D:1:      ebering_trefoil_twist, layout_basic
D:2:      layout_loops_ring
D:3:      layout_basic, nicolae_overflow_crystal_walls,
          nemelex_spade_bored_becter, uniq_grinder

Skill      XL: |  1  2  3 |
---------------+----------+-----
Ranged Weapons | 6 7 |  7.9
Fighting       | |  1.5
Dodging        | |  2.4
Stealth        | |  1.2

Action                     |  1- 3 |  4- 6 || total
---------------------------+-------+-------++-------
   Fire: Shortbow          |   107 |    18 ||   125
    Use: Scroll            |     4 |       ||     4
 Armour: Leather armour    |    27 |     5 ||    32
  Dodge: Dodged            |    27 |     5 ||    32

Table legend:
 A = Non-vault XP
 B = Vault XP
 C = Vault XP percentage of total XP
 D = Non-vault monster count
 E = Vault monster count
 F = Vault count percentage of total count
                 A         B        C        D         E       F
            +---------+---------+-------+---------+---------+-------
      Total |     142 |       0 |   0.0 |      42 |       0 |   0.0
            +---------+---------+-------+---------+---------+-------
        D:1 |      30 |       0 |   0.0 |      20 |       0 |   0.0
        D:2 |      61 |       0 |   0.0 |      14 |       0 |   0.0
        D:3 |      51 |       0 |   0.0 |       8 |       0 |   0.0
            +---------+---------+-------+---------+---------+-------
